 Dungeon Crawl Stone Soup version 0.21.1-1-g345015f (webtiles) character file.

95 Monsterracer the Cudgeler (level 4, 0/37 HPs)
             Began as a Demigod Fighter on Feb 12, 2018.
             Slain by a hound (5 damage)
             ... on level 4 of the Dungeon.
             The game lasted 00:02:23 (2206 turns).

Monsterracer the Cudgeler (Demigod Fighter)         Turns: 2206, Time: 00:02:25

Health: 0/37       AC:  6    Str: 21    XL:     4   Next: 17%
Magic:  6/6        EV:  7    Int: 12    God:
Gold:   71         SH:  9    Dex: 15    Spells: 3/3 levels left

rFire    . . .     SeeInvis .   a - +1 flail
rCold    . . .     Gourm    .   f - +0 shield
rNeg     . . .     Faith    .   b - +0 scale mail
rPois    .         Spirit   .   (no helmet)
rElec    .         Reflect  .   (no cloak)
rCorr    .         Harm     .   (no gloves)
MR       +....                  (no boots)
Stlth    ..........             (no amulet)
HPRegen  0.12/turn              i - ring of protection from magic {!d}
MPRegen  0.10/turn              (no ring)

@: no status effects
A: high mp 1
a: no special abilities


You were on level 4 of the Dungeon.
You were not hungry.

You visited 1 branch of the dungeon, and saw 4 of its levels.

You collected 71 gold pieces.

Inventory:

Hand Weapons
 a - a +1 flail (weapon)
Armour
 b - a +0 scale mail (worn)
 f - a +0 shield (worn)
Jewellery
 i - a ring of protection from magic (left hand) {!d}
Scrolls
 e - 2 scrolls of remove curse
Potions
 d - 3 potions of might
 h - a potion of heal wounds
 j - a potion of mutation {unknown}
 k - a potion of berserk rage {unknown}
Comestibles
 c - 5 rations


   Skills:
 - Level 2.6 Fighting
 + Level 4.3 Maces & Flails
 - Level 2.6 Armour
 - Level 2.6 Shields


You had 3 spell levels left.
You didn't know any spells.

Dungeon Overview and Level Annotations

Branches:
Dungeon (4/15)
 Temple: D:4-7

Annotations:
D:3 lrcuk01's ghost, weakling MiBe


Innate Abilities, Weirdness & Mutations

You have an increased reservoir of magic. (+10% MP)


Message History

You kill the orc!
You see here a trident.
Key pressed, stopping explore.
You are feeling hungry.
You regained 8 hp, and now have 33/37 hp.
Things that are here:
a short sword; a club; a kobold corpse You butcher the orc corpse.
g - 3 chunks of flesh
Items here: )) [[ a dagger; a leather armour; a short sword of venom; a leather armour
Items here: )) [[ a dagger; a leather armour; a short sword of venom; a leather armour Eating one of 3 chunks of flesh.
You eat one of the 3 chunks of flesh.
This raw flesh tastes terrible.
Things that are here:
a short sword; a club; a kobold corpse You see here a trident.
Found a club.
Health restored: 37 No target in view!
Found a stone staircase leading up.
No target in view!
k - a viscous black potion No target in view!
No target in view!
c - 5 rations (gained 1)
You see here a club.
There is a stone staircase leading up here.
Found a hunting sling.
You now have 71 gold pieces (gained 4).
You see here a hunting sling.
Found a blossoming altar of Fedhas.
No target in view!
All of the chunks of flesh in your inventory have rotted away.
There is a blossoming altar of Fedhas here.
There is a blossoming altar of Fedhas here.
You see here a hunting sling.
Done exploring.
No target in view!
Done exploring.
Lrcuk01's ghost (weakling Minotaur Berserker) comes into view.
You can't go down here!
Lrcuk01's ghost turns its malevolent gaze towards you.
You closely miss lrcuk01's ghost. Lrcuk01's ghost hits you.
You block lrcuk01's ghost's attack.
You take 5 damage, and have 32/37 hp.
You barely miss lrcuk01's ghost. Lrcuk01's ghost hits you.
You take 4 damage, and have 28/37 hp.
You miss lrcuk01's ghost. You block lrcuk01's ghost's attack.
You hit lrcuk01's ghost but do no damage.
Lrcuk01's ghost hits you.
You take 4 damage, and have 25/37 hp.
You closely miss lrcuk01's ghost. Lrcuk01's ghost hits you!
* * * LOW HITPOINT WARNING * * *
Lrcuk01's ghost hits you!
* * * LOW HITPOINT WARNING * * *
You take 16 damage, and have 9/37 hp.
MASSIVE DAMAGE!!
Lrcuk01's ghost ripples.
Lrcuk01's ghost screams, "I'll kill anyone who wants the ORB!"
Lrcuk01's ghost mumbles, "They all look like pillowcases to me..."
There is a stone staircase leading down here.
You climb downwards.
A leopard gecko comes into view.
The leopard gecko hisses angrily.
There is a stone staircase leading up here.
You closely miss the leopard gecko. You block the leopard gecko's attack.
You closely miss the leopard gecko. You block the leopard gecko's attack.
The leopard gecko bites you.
* * * LOW HITPOINT WARNING * * *
You take 2 damage, and have 10/37 hp.
You closely miss the leopard gecko. The leopard gecko barely misses you.
You barely miss the leopard gecko. The leopard gecko bites you.
* * * LOW HITPOINT WARNING * * *
You block the leopard gecko's attack.
You take 1 damage, and have 10/37 hp.
You barely miss the leopard gecko.
The leopard gecko bites you but does no damage.
You closely miss the leopard gecko. The leopard gecko bites you.
* * * LOW HITPOINT WARNING * * *
You block the leopard gecko's attack.
You take 1 damage, and have 9/37 hp.
You closely miss the leopard gecko.
The leopard gecko bites you but does no damage.
You block the hound's attack.
A hound comes into view.
You sock the leopard gecko!
You kill the leopard gecko!
You block the hound's attack. The hound barely misses you.
You miss the hound. You block the hound's attack.
The hound bites you but does no damage.
You hit the hound.
The hound is lightly wounded.
The hound bites you but does no damage. The hound bites you.
* * * LOW HITPOINT WARNING * * *
You take 5 damage, and have 5/37 hp.
You miss the hound.
The hound is lightly wounded.
The hound bites you.
You die...

.## ## #
... .# ..
..
.#####.
#. ..
.......
..##.
l.... ...
...
#.##h##.#
#....@<.#
####.####
#. #. ..
##


You could see a hound.

Vanquished Creatures
  Natasha (D:3)
  2 adders (D:2)
  A dart slug (D:1)
  4 leopard geckos
  5 orcs (D:3)
  7 bats
  A giant cockroach (D:1)
  2 goblins (D:2)
  4 hobgoblins
  A ball python (D:1)
  6 frilled lizards
  4 kobolds
  6 rats
44 creatures vanquished.

Notes
Turn   | Place    | Note
-------+----------+-------------------------------------------
     0 | D:1      | Monsterracer the Demigod Fighter began the quest for the Orb.
     0 | D:1      | Reached XP level 1. HP: 18/18 MP: 3/3
    40 | D:1      | Reached skill level 2 in Maces & Flails
   402 | D:1      | Reached XP level 2. HP: 25/25 MP: 4/4
   787 | D:1      | Reached skill level 3 in Maces & Flails
   956 | D:2      | Found a radiant altar of Vehumet.
   956 | D:2      | Found an ancient bone altar of Kikubaaqudgha.
   962 | D:2      | Found an iron altar of Okawaru.
   964 | D:2      | Found a faded altar of an unknown god.
   966 | D:2      | Found a shattered altar of Ashenzari.
  1134 | D:2      | Reached XP level 3. HP: 25/30 MP: 5/5
  1637 | D:3      | Noticed Natasha
  1652 | D:3      | Killed Natasha
  1652 | D:3      | Reached skill level 4 in Maces & Flails
  1779 | D:3      | Reached XP level 4. HP: 34/37 MP: 6/6
  2114 | D:3      | Found a blossoming altar of Fedhas.
  2160 | D:3      | Noticed lrcuk01's ghost (weakling MiBe)
  2167 | D:3      | HP: 17/37 [lrcuk01's ghost (8)]
  2197 | D:4      | HP: 10/37 [leopard gecko (2)]
  2205 | D:4      | HP: 5/37 [hound (5)]
  2206 | D:4      | Slain by a hound

Skill      XL: |  1  2  3 |
---------------+----------+-----
Maces & Flails | 2 3 4 |  4.3
Fighting       | |  2.6
Armour         | |  2.6
Shields        | |  2.6

Action                   |  1- 3 |  4- 6 || total
-------------------------+-------+-------++-------
Melee: Flail             |   111 |    30 ||   141
  Use: Scroll            |     9 |       ||     9
  Eat: Chunk             |     3 |     1 ||     4
Armor: Scale mail        |    47 |     7 ||    54
Dodge: Dodged            |    37 |     8 ||    45
Block: Shield            |    67 |    14 ||    81

Vault maps used:
D:1:      scummos_arrival_gate
D:2:      chequers_temple_overflow_minitemple
D:3:      fedhas_altar_4, eino_tiny_chamber, uniq_natasha
D:4:      grunt_dithmenos_shadows, first_ration, nicolae_elemental_shop
